 Dungeon Crawl Stone Soup version 0.26.0-10-g1f06aea511 (webtiles) character file.

Game seed: 16870699995889224159

1784 funkygono the Destroyer (level 8, -2/61 HPs)
             Began as a Black Draconian Conjurer on Feb 2, 2021.
             Slain by a bullfrog (5 damage)
             ... on level 7 of the Dungeon.
             The game lasted 00:17:16 (7786 turns).

funkygono the Destroyer (Black Draconian Conjurer)  Turns: 7786, Time: 00:17:17

Health: -2/61      AC: 13    Str: 11    XL:     8   Next: 81%
Magic:  15/17      EV: 13    Int: 20    God:
Gold:   348        SH:  5    Dex:  9    Spells: 17/20 levels left

rFire    + . .     SeeInvis .   j - +3 mace (protect)
rCold    + . .     Faith    .   (no shield)
rNeg     . . .     Spirit   .   (armour unavailable)
rPois    +         Reflect  +   (helmet restricted)
rElec    +         Harm     .   k - +2 cloak
rCorr    +         Rampage  .   (no gloves)
Will     .....                  (no boots)
Stlth    ++........             d - amulet of reflection
HPRegen  0.20/turn              g - +4 ring of protection
MPRegen  0.15/turn              (no ring)

@: short of breath, resistant, slowed, very slow
A: breathe lightning, unfitting armour, electricity resistance, cold-blooded, AC
+6
a: Breathe Lightning


You were on level 7 of the Dungeon.
You visited 1 branch of the dungeon, and saw 7 of its levels.

You collected 348 gold pieces.

Inventory:

Hand Weapons
 a - a +0 whip
 h - the +8 demon trident "Rift" {distort, reach+}
   (You found it on level 4 of the Dungeon)

   It warps and distorts space around it.
   Unwielding it can cause banishment or high damage.
 j - a +3 mace of protection (weapon)
 x - a +2 quarterstaff of chaos
Armour
 k - a +2 cloak (worn)
Jewellery
 d - an amulet of reflection (around neck)
 g - a +4 ring of protection (left hand)
 l - an uncursed amulet of the acrobat
Wands
 i - a wand of digging (4)
 m - a wand of enslavement (9)
 w - a wand of flame (6)
Scrolls
 e - 4 scrolls of teleportation
 q - a scroll of amnesia
 r - 3 scrolls of identify
 s - 3 scrolls of fog
 u - a scroll of enchant armour
 v - a scroll of blinking {unknown}
 y - a scroll of fear {unknown}
 z - a scroll of brand weapon {unknown}
 A - a scroll of enchant weapon
Potions
 b - a potion of flight
 c - 3 potions of curing
 f - 2 potions of might
 n - a potion of attraction
 o - a potion of berserk rage
 t - a potion of haste {unknown}


   Skills:
 + Level 2.0 Fighting
 + Level 2.3 Maces & Flails
 + Level 3.5 Dodging
 + Level 2.8 Stealth
 + Level 2.0 Shields
 * Level 6.5 Spellcasting
 * Level 8.1 Conjurations


You had 17 spell levels left.
You knew the following spells:

 Your Spells              Type           Power        Failure   Level
a - Magic Dart            Conj           100%         1%          1
b - Searing Ray           Conj           76%          1%          2

Your spell library contained the following spells:

 Spells                   Type           Power        Failure   Level
 Dazzling Flash           Conj/Hex       44%          5%          3
 Beastly Appendage        Tmut           12%          10%         1
 Corona                   Hex            6%           10%         1
 Ensorcelled Hibernation  Hex/Ice        12%          16%         2
 Wereblood                Tmut           6%           16%         2
 Fulminant Prism          Conj/Hex       11%          19%         4
 Iskenderun's Mystic Bla  Conj/Tloc      22%          19%         4
 Confusing Touch          Hex            6%           30%         3
 Spider Form              Tmut/Pois      3%           30%         3
 Tukima's Dance           Hex            6%           30%         3
 Ice Form                 Ice/Tmut       6%           69%         4
 Blade Hands              Tmut           3%           95%         5


Dungeon Overview and Level Annotations

Branches:
Dungeon (7/15)
 Temple: D:4-7

Altars:
Qazlal
Wu Jian
Xom
Yredelemnul


Innate Abilities, Weirdness & Mutations

You can breathe wild blasts of lightning.
Your glossy black scales are hard. (AC +6)
You cannot fit into any form of body armour.
You are resistant to electric shocks. (rElec)
You are cold-blooded and may be slowed by cold attacks.


Message History

The bolt of lightning hits the hornet!
The hornet is severely wounded.
The bolt of lightning misses the hornet.
The zap misses the hornet.
You hear a shout!
You hear an angry hiss.
You hear a shout! x3
The hornet stings you but does no damage.
You block the bullfrog's attack. The hornet stings you!
* * * LOW HITPOINT WARNING * * *
You shrug off the repeated paralysis!
The bullfrog barely misses you.
You feel protected.
The hornet stings you but does no damage.
The bullfrog hits you.
* * * LOW HITPOINT WARNING * * *
The hornet stings you!
* * * LOW HITPOINT WARNING * * *
You feel as though you will be slow longer.
An ogre comes into view. It is wielding a +0 giant spiked club.
A bullfrog comes into view.
The bullfrog hits you.
You die...

.# #..#........ .#
.## #.##.###O###
..# #.#
#.###.#..8..#..#
#.# #..
#.#.....#..#
..##>.##
#..8.8.8...# .....#
#....#.....#.
....#.......#..8.?#
....#.###.#####y###
#.....#... #...@.#
......#..# #=).[F#
...##...#
#....?.... ...# .#.
#..#.(.$.#... ...#
....#.....#(..[.
...# #.# ###.###
#.## ...# .. ...
..F ....# .⌠ ##
.....#


You could see a hornet, an ogre and 2 bullfrogs.

Vanquished Creatures
  Sigmund (D:5)
  Purgy (D:4)
  2 ice beasts (D:5)
  3 ogres
  A bullfrog (D:6)
  2 scorpions
  A howler monkey (D:4)
  2 hounds
  3 orc priests
  6 orc wizards
  Crazy Yiuf (D:7)
  Ijyb (D:4)
  2 iguanas
  Terence (D:2)
  6 worker ants
  A hound skeleton (D:6)
  Robin (D:2)
  A worker ant zombie (D:7)
  7 gnolls
  7 adders
  2 white imps (D:5)
  An adder zombie (D:7)
  3 worms
  2 dart slugs (D:1)
  4 leopard geckos
  12 orcs
  5 bats
  6 giant cockroaches
  16 goblins
  13 hobgoblins
  9 jackals
  4 quokkas
  A ball python (D:4)
  2 frilled lizards (D:1)
  2 jackal skeletons
  8 kobolds
  A leopard gecko skeleton (D:7)
  A quokka zombie (D:5)
  11 rats
  A spectral orc (D:6)
154 creatures vanquished.

Vanquished Creatures (others)
  A goblin (D:1)
  A rat (D:1)
2 creatures vanquished.

Grand Total: 156 creatures vanquished

Notes
Turn   | Place    | Note
-------+----------+-------------------------------------------
     0 | D:1      | funkygono the Draconian Conjurer began the quest for the
                  | Orb.
     0 | D:1      | Reached XP level 1. HP: 14/14 MP: 3/3
   409 | D:1      | Reached XP level 2. HP: 20/20 MP: 3/5
   412 | D:1      | Learned a level 2 spell: Searing Ray
   982 | D:1      | Reached XP level 3. HP: 26/26 MP: 1/6
  1404 | D:2      | Reached skill level 5 in Conjurations
  1645 | D:2      | Found an ornate altar of the Wu Jian Council.
  1807 | D:2      | Reached XP level 4. HP: 13/33 MP: 1/7
  1848 | D:2      | Noticed Robin
  1920 | D:2      | Killed Robin
  2242 | D:2      | Noticed Terence
  2246 | D:2      | Killed Terence
  2247 | D:2      | Reached skill level 1 in Fighting
  2247 | D:2      | Reached XP level 5. HP: 37/40 MP: 3/9
  3346 | D:4      | Noticed Purgy
  3367 | D:4      | Reached XP level 6. HP: 45/47 MP: 2/11
  3473 | D:4      | Reached skill level 6 in Conjurations
  3628 | D:4      | Killed Purgy
  3679 | D:3      | Reached skill level 1 in Maces & Flails
  3785 | D:4      | Reached skill level 1 in Shields
  3886 | D:4      | Found the +8 demon trident "Rift" {distort, reach+}
  3973 | D:4      | Noticed Ijyb
  3977 | D:4      | Killed Ijyb
  3989 | D:4      | Your scales start taking on a glossy black colour.
  3989 | D:4      | Reached XP level 7. HP: 52/52 MP: 2/13
  3989 | D:4      | Gained mutation: You are resistant to electric shocks.
                  | (rElec) [Black Draconian growth]
  4072 | D:4      | Found a stormy altar of Qazlal.
  4097 | D:4      | Noticed an air elemental
  4179 | D:4      | Noticed a water elemental
  4179 | D:4      | Noticed a fire elemental
  4853 | D:5      | Entered Level 5 of the Dungeon
  4973 | D:5      | Noticed Sigmund
  4989 | D:5      | Killed Sigmund
  5440 | D:5      | Reached skill level 5 in Spellcasting
  5440 | D:5      | Reached XP level 8. HP: 61/61 MP: 7/15
  5720 | D:5      | Reached skill level 7 in Conjurations
  6038 | D:5      | Found a shimmering altar of Xom.
  6300 | D:6      | Found a basalt altar of Yredelemnul.
  7235 | D:7      | Reached skill level 8 in Conjurations
  7422 | D:7      | Found a runed translucent door.
  7423 | D:7      | Noticed Crazy Yiuf
  7432 | D:7      | Killed Crazy Yiuf
  7778 | D:7      | Noticed a hornet
  7783 | D:7      | Paralysed by a hornet for 2 turns
  7786 | D:7      | HP: 3/61 [hornet (8)]
  7786 | D:7      | Slain by a bullfrog

Illustrated notes

Levels and vault maps discovered:
D:1:      heliophobic_arrival_glass_houses, layout_rooms, lemuel_old_faithful
D:2:      layout_rooms, nzn_wu_jian_contemplation, uniq_robin, uniq_terence
D:3:      minmay_angry_zag, layout_rooms
D:4:      layout_basic, nicolae_qazlal_style_of_elements, uniq_ijyb, uniq_purgy
D:5:      layout_cave_pods, lemuel_round_altar, uniq_sigmund
D:6:      layout_gridville, yredelemnul_forgotten_temple_becter
D:7:      layout_layer_cave, temple_doors_e, minmay_chambers_of_fives,
          uniq_crazy_yiuf_cottage

Skill      XL: |  1  2  3  4  5  6  7  8 |
---------------+-------------------------+-----
Conjurations   | 5 6 8 |  8.1
Spellcasting   | 3 4 5 6 |  6.5
Fighting       | 1 2 |  2.0
Dodging        | 2 3 |  3.5
Maces & Flails | 1 2 |  2.3
Shields        | 1 2 |  2.0
Stealth        | 2 |  2.8

Action                   |  1- 3 |  4- 6 |  7- 9 || total
-------------------------+-------+-------+-------++-------
Melee: Whip              |    32 |    17 |       ||    49
       Tailslap          |     1 |     2 |       ||     3
       Mace              |       |    42 |    18 ||    60
 Cast: Magic Dart        |    64 |    74 |    97 ||   235
       Searing Ray       |     6 |    21 |    32 ||    59
 Abil: Breathe Lightning |       |       |     4 ||     4
  Use: Scroll            |     2 |     9 |     7 ||    18
       Potion            |       |     3 |     1 ||     4
Armor: Skin              |     8 |   153 |    17 ||   178
Dodge: Dodged            |    39 |    99 |    18 ||   156
Block: Other             |       |    58 |    11 ||    69
       Reflection        |       |       |     1 ||     1
